 Dungeon Crawl Stone Soup version 0.18.1-8-gdd0e5ea (webtiles) character file.

28 Icer the Insei (level 2, 0/23 HPs)
             Began as a Demigod Transmuter on June 6, 2016.
             Slain by Terence
             ... wielding a +0 short sword
              (4 damage)
             ... on level 2 of the Dungeon.
             The game lasted 00:02:55 (1335 turns).

Icer the Insei (Demigod Transmuter)                 Turns: 1335, Time: 00:02:55

Health: 0/23       AC:  8    Str: 13    XL:     2   Next: 75%
Magic:  7/7        EV: 13    Int: 17    God:
Gold:   54         SH:  0    Dex: 16    Spells: 1 memorised, 4 levels left

rFire  . . .     SeeInvis .       - Unarmed
rCold  . . .     Gourm    .     b - +0 robe
rNeg   . . .     Faith    .     (no shield)
rPois  .         Spirit   .     (no helmet)
rElec  .         Dismiss  .     (no cloak)
rCorr  .         Reflect  .     (no gloves)
SustAt +         Harm     .     (no boots)
MR     .....                    (no amulet)
Stlth  +.........               (no ring)
                                i - +6 ring of protection

@: not resistant to hostile enchantments, very unstealthy
A: high mp 1, sustain attributes
a: no special abilities


You were on level 2 of the Dungeon.
You were not hungry.

You visited 1 branch of the dungeon, and saw 2 of its levels.

You collected 54 gold pieces.

Inventory:

Missiles
 a - 12 arrows
Armour
 b - a +0 robe (worn)
 m - a +0 leather armour
Jewellery
 i - a +6 ring of protection (left hand)
Scrolls
 d - a scroll of magic mapping {unknown}
 e - 2 scrolls of random uselessness {unknown}
 f - 2 scrolls of remove curse {unknown}
 g - 2 scrolls of identify {unknown}
 l - a scroll of noise {unknown}
Potions
 h - a potion of agility {unknown}
 k - a potion of curing {unknown}
Books
 c - a book of Changes

   Spells                             Type                      Level
   a - Beastly Appendage              Transmutation                1
   b - Sticks to Snakes               Transmutation                2
   c - Spider Form                    Transmutation/Poison         3
   d - Ice Form                       Ice/Transmutation            4
   e - Blade Hands                    Transmutation                5


   Skills:
 + Level 1.1 Fighting
 + Level 2.1 Dodging
 + Level 3.2 Unarmed Combat
 + Level 2.0 Spellcasting
 + Level 1.9 Transmutations


You had 4 spell levels left.
You knew the following spells:

 Your Spells              Type           Power        Failure   Level  Hunger
a - Beastly Appendage     Trmt           #.....       12%         1    #......


Dungeon Overview and Level Annotations

Branches:
Dungeon (2/15)

Annotations:
D:2 Terence


Innate Abilities, Weirdness & Mutations

You have an increased reservoir of magic (+10% MP).
Your attributes are resistant to harm.


Message History

Terence is moderately wounded.
Terence barely misses you.
You hit Terence but do no damage.
Terence is moderately wounded.
The worm bites you. Terence barely misses you.
You hit Terence but do no damage. You headbutt Terence.
Terence is heavily wounded.
You hit Terence but do no damage.
Terence is heavily wounded.
Terence misses you. The worm bites you!
* * * LOW HITPOINT WARNING * * *
You hit Terence.
Terence is severely wounded.
Terence hits you but does no damage.
Your horns disappear.
The worm bites you.
* * * LOW HITPOINT WARNING * * *
It was a potion of cure mutation.
It has a very clean taste.
Terence hits you with a short sword.
You die...

###..#####....
#...## ##...
####.### ####
#....# .
##.#### ..#
#..#
....###.##
#...#.# #..@#
#.w@#
#.....#†#
#.#####.. ##.#
.# .# .# ##


You could see Terence and a worm.

Vanquished Creatures
  A dart slug (D:2)
  2 giant cockroaches (D:1)
  3 goblins
  2 jackals (D:1)
  3 kobolds
  A ball python (D:1)
  6 bats
  3 giant newts (D:1)
  4 rats (D:1)
25 creatures vanquished.

Notes
Turn   | Place    | Note
--------------------------------------------------------------
     0 | D:1      | Icer the Demigod Transmuter began the quest for the Orb.
     0 | D:1      | Reached XP level 1. HP: 15/15 MP: 5/5
    94 | D:1      | Reached skill level 1 in Fighting
   151 | D:1      | Reached skill level 3 in Unarmed Combat
   474 | D:1      | Reached XP level 2. HP: 21/23 MP: 7/7
  1059 | D:1      | Found a snail-covered altar of Cheibriados.
  1241 | D:2      | Noticed an orc warrior
  1322 | D:2      | Noticed Terence
  1335 | D:2      | Slain by Terence

Skill      XL: |  1  2 |
---------------+-------+-----
Fighting       | 1 |  1.1
Unarmed Combat | 3 |  3.2
Dodging        | 2 |  2.1
Spellcasting   | 2 |  2.0
Transmutations | |  1.9

Action                   || total
-------------------------++-------
Melee: Unarmed           ||    83
       Punch             ||     4
       Kick              ||     3
       Headbutt          ||     3
 Cast: Beastly Appendage ||    10
  Use: Potion            ||     1
  Eat: Bread ration      ||     1
Armor: Robe              ||    12
Dodge: Dodged            ||    54
